Map: 16비트 - 래더

Players

FanTaSy - Winner!

  • Race: Terran Terran
  • League: Diamond
  • Spawn Location: 7:00

PartinG

  • Race: Protoss Protoss
  • League: Grandmaster
  • Spawn Location: 1:00

Event: HomeStory Cup XVII

VOD

Have the link to the VOD?

Description

Time

  • Played on: June 30, 2018, 3:33 p.m.
  • Length: 11:35

All games in this series

Show
View Real Time Build Order
Export as new Build Order

FanTaSy Terran - Winner!

Build Orders:  

Get SALT Encoding   

  12  0:00  SCV  
  13  0:12  SCV  
  14  0:18  Supply Depot  
  14  0:24  SCV  
  15  0:45  Barracks  
  15  0:50  Barracks  
  15  0:53  SCV  
  16  1:00  Refinery  
  16  1:05  SCV  
  17  1:17  SCV  
  18  1:33  Orbital Command  
  18  1:34  Barracks Tech Lab  
  18  1:37  Marine  
  19  1:41  Supply Depot  
  21  1:54  Marauder, Marine  
  21  1:59  SCV  
  21  2:00  Concussive Shells  
  23  2:12  Marine  
  23  2:13  SCV  
  27  2:15  Marauder  
  27  2:18  Supply Depot  
  27  2:26  SCV  
  28  2:30  Marine  
  31  2:37  Marauder  
  31  2:40  SCV  
  32  2:47  Bunker  
  32  2:48  Marine  
  35  2:58  Marauder  
  35  3:05  SCV  
  32  3:06  Marine  
  32  3:15  Factory  
  32  3:19  Marine  
  33  3:23  SCV  
  33  3:24  Marine  
  31  3:31  Supply Depot  
  31  3:37  Marauder  
  31  3:40  SCV  
  32  3:54  Barracks Reactor  
  30  3:57  Refinery  
  30  4:00  Command Center  
  30  4:04  SCV  
  30  4:17  SCV  
  30  4:23  Starport, Factory Tech Lab  
  31  4:27  Supply Depot  
  31  4:29  SCV  
  31  4:31  Marine x2  
  30  4:42  Bunker, SCV  
  31  4:47  Engineering Bay  
  31  4:49  Factory Tech Lab  
  31  4:50  Marine x2  
  33  4:54  SCV  
  34  5:06  SCV  
  38  5:14  Missile Turret  
  38  5:15  Cloaking Field  
  38  5:16  Banshee  
  38  5:25  Orbital Command  
  38  5:27  SCV  
  39  5:36  Siege Tank  
  39  5:38  Marine x2  
  39  5:39  SCV  
  45  5:51  SCV x2  
  45  5:55  Command Center  
  47  5:58  Marine x2  
  47  6:01  Banshee  
  47  6:04  SCV  
  53  6:05  SCV  
  53  6:09  Missile Turret  
  54  6:15  Siege Tank  
  54  6:17  SCV  
  54  6:18  SCV, Marine  
  59  6:19  Marine  
  59  6:24  Supply Depot  
  61  6:29  SCV  
  61  6:30  SCV  
  63  6:37  Barracks  
  63  6:38  Barracks  
  63  6:41  SCV  
  63  6:42  SCV, Marine x2  
  63  6:46  Raven  
  69  6:53  SCV  
  71  6:54  SCV  
  71  6:59  Marine  
  71  7:00  Marine  
  73  7:05  SCV  
  73  7:06  SCV  
  73  7:07  Refinery  
  73  7:08  Orbital Command, Supply Depot x2  
  75  7:09  Refinery  
  75  7:15  Engineering Bay  
  75  7:17  SCV  
  75  7:18  SCV  
  74  7:22  Marine  
  74  7:23  Marine  
  74  7:29  SCV  
  77  7:30  SCV  
  78  7:37  Starport Reactor  
  78  7:41  SCV  
  78  7:42  Terran Infantry Weapons Level 1, Terran Infantry Armor Level 1  
  78  7:47  Marauder x2  
  78  7:48  Marine x2  
  78  7:49  SCV x2  
  86  7:56  Factory Reactor  
  86  8:02  SCV x2, Barracks  
  86  8:03  Barracks  
  86  8:04  Stimpack  
  83  8:10  SCV  
  84  8:14  SCV  
  84  8:16  Orbital Command  
  85  8:21  Marauder x2, Marine x2  
  85  8:25  SCV  
  85  8:26  Missile Turret, SCV  
  93  8:28  Supply Depot  
  93  8:29  Medivac  
  93  8:30  Supply Depot  
  95  8:37  SCV  
  95  8:39  SCV, Viking  
  95  8:40  Widow Mine x2  
  100  8:47  SCV  
  101  8:49  SCV  
  101  8:51  SCV  
  101  8:53  Marauder  
  101  8:54  Marauder  
  101  8:55  Barracks Reactor  
  102  8:56  Barracks Tech Lab, Marine x2  
  102  8:59  SCV  
  102  9:01  SCV  
  105  9:03  Widow Mine x2  
  105  9:06  Supply Depot  
  109  9:10  Missile Turret  
  109  9:13  Medivac  
  109  9:14  Armory  
  109  9:16  SCV x3  
  114  9:23  Marauder x3, Medivac  
  122  9:25  Combat Shield  
  122  9:30  Marine x2  
  124  9:34  SCV x2  
  124  9:35  SCV  
  125  9:49  Refinery, Supply Depot x2  
  125  9:50  Marauder x3, Refinery, Marine x2  
  133  9:58  Marine  
  133  10:02  SCV, Marine  
  133  10:04  SCV  
  131  10:14  Marauder x3, Marine x2  
  137  10:16  Marine  
  137  10:17  Widow Mine  
  137  10:18  Widow Mine, Medivac  
  137  10:19  Medivac  
  137  10:20  Supply Depot, Marine  
  137  10:21  Supply Depot  
  149  10:26  SCV x3  
  133  10:41  Marauder x3  
  133  10:42  Marine x4  
  127  10:43  SCV  
  111  10:57  SCV x3  
  108  10:59  Marine x4  
  113  11:10  SCV  
  113  11:11  SCV x2  
Show
View Real Time Build Order
Export as new Build Order

PartinG Protoss 

Build Orders: 1 Gate Expand, Dark Templar Rush 

Get SALT Encoding   

  12  0:00  Probe  
  13  0:12  Probe  
  14  0:18  Pylon  
  14  0:24  Probe  
  15  0:32  Probe  
  15  0:36  Gateway  
  15  0:40  Probe  
  16  0:46  Assimilator  
  17  0:50  Probe  
  18  0:58  Probe  
  19  1:06  Probe  
  20  1:17  Probe  
  20  1:24  Cybernetics Core  
  21  1:36  Nexus  
  21  1:42  Assimilator  
  21  1:49  Pylon  
  21  1:51  Stalker  
  21  2:01  Warp Gate  
  23  2:07  Probe  
  24  2:18  Twilight Council  
  24  2:19  Probe  
  25  2:24  Stalker  
  27  2:31  Probe  
  28  2:43  Probe  
  29  2:45  Stalker  
  27  2:55  Probe  
  29  3:09  Stalker  
  29  3:11  Probe x2  
  27  3:26  Dark Shrine  
  24  3:31  Shield Battery  
  23  3:37  Probe, Stalker  
  20  3:51  Probe  
  21  3:58  Probe  
  22  4:03  Probe  
  22  4:07  Probe  
  23  4:15  Probe x2  
  24  4:24  Stalker  
  26  4:37  Probe x2  
  28  4:47  Dark Templar  
  28  4:51  Probe  
  28  4:52  Probe  
  32  5:03  Probe, Robotics Facility  
  32  5:05  Probe  
  33  5:11  Probe  
  33  5:13  Probe  
  36  5:22  Probe x2  
  36  5:23  Gateway  
  36  5:25  Shadow Stride  
  38  5:37  Probe x2  
  38  5:38  Assimilator  
  38  5:40  Warp Prism  
  40  5:43  Assimilator  
  40  5:54  Blink  
  40  5:55  Probe x2  
  44  5:58  Dark Templar  
  46  6:12  Pylon  
  46  6:14  Pylon  
  46  6:26  Gateway x2  
  46  6:30  Observer, Probe x2  
  49  6:33  Dark Templar  
  51  6:42  Probe x2  
  51  6:43  Pylon  
  51  6:46  Forge  
  52  6:52  Observer  
  51  6:54  Probe x2  
  53  7:04  Dark Templar  
  53  7:06  Probe x2  
  57  7:12  Shield Battery  
  57  7:13  Observer  
  58  7:18  Probe x2  
  59  7:23  Stalker  
  59  7:27  Protoss Ground Weapons Level 1  
  59  7:37  Stalker x3  
  58  7:39  Probe  
  58  7:40  Probe  
  62  7:52  Probe x2  
  64  8:04  Probe  
  65  8:16  Stalker x2  
  69  8:20  Pylon  
  69  8:21  Pylon  
  69  8:27  Probe  
  69  8:29  Nexus  
  69  8:30  Photon Cannon  
  70  8:39  Pylon  
  70  8:41  Templar Archives  
  70  8:42  Probe x2  
  72  9:00  Psionic Storm, Stalker x4  
  80  9:11  Gateway  
  80  9:12  Gateway  
  80  9:13  Protoss Ground Armor Level 1  
  80  9:23  Charge  
  80  9:26  High Templar x2  
  84  9:34  Pylon  
  84  9:41  Gateway  
  84  9:43  Gateway  
  82  9:54  High Templar x2  
  76  10:07  Observer  
  76  10:08  High Templar  
  76  10:09  Probe x2  
  76  10:10  Probe  
  73  10:42  Stalker x6  
  50  10:59  Probe x2  
  50  11:03  Dark Templar x2  
  56  11:06  Zealot x6  
  64  11:22  Nexus  
Tags
 
Add a new tag
Caveats
  • Supply blocks, unpowered buildings, or Contaminate may cause inaccurate times.
  • Supply counts are checked every 10 seconds.